 Dungeon Crawl Stone Soup version 0.27-a0-1273-gec92ba881d (webtiles) character file.

Game seed: 8439477631027807499

4 bobarctor the Grave Robber (level 1, 10/10 HPs)
             Began as a Deep Elf Necromancer on June 11, 2021.
             Was a Follower of Wu Jian.
             Got out of the dungeon alive.
             The game lasted 00:01:46 (338 turns).

bobarctor the Grave Robber (Deep Elf Necromancer)    Turns: 338, Time: 00:01:47

Health: 10/10      AC:  2    Str:  5    XL:     1   Next: 50%
Magic:  6/6        EV: 12    Int: 19    God:    Wu Jian [*.....]
Gold:   11         SH:  0    Dex: 15    Spells: 5/6 levels left

rFire    . . .     SeeInvis .   (no weapon)
rCold    . . .     Faith    .   (no shield)
rNeg     . . .     Spirit   .   a - +0 robe
rPois    .         Reflect  .   (no helmet)
rElec    .         Harm     .   (no cloak)
rCorr    .         Rampage  .   (no gloves)
Will     .....                  (no boots)
Stlth    ++........             (no amulet)
HPRegen  0.03/turn              (no ring)
MPRegen  0.10/turn              (no ring)

@: no status effects
A: no striking features
a: Renounce Religion


You escaped.
You worshipped Wu Jian.
Wu Jian was aware of your devotion.
You visited 1 branch of the dungeon, and saw 1 of its levels.

You collected 11 gold pieces.

Inventory:

Missiles
 b - 44 stones (quivered)
 d - 16 bolts
Armour
 a - a +0 robe (worn)
Potions
 c - a potion of invisibility {unknown}


   Skills:
 + Level 2.5 Dodging
 + Level 2.4 Stealth
 * Level 3.0 Spellcasting
 + Level 5.0 Necromancy


You had 5 spell levels left.
You knew the following spells:

 Your Spells              Type           Power      Damage    Failure   Level
a - Pain                  Necr           88%        1d8       1%          1

Your spell library contained the following spells:

 Spells                   Type           Power      Damage    Failure   Level
 Animate Skeleton         Necr           44%        N/A       1%          1
 Vampiric Draining        Necr           11%        2d7       6%          3
 Animate Dead             Necr           11%        N/A       19%         4
 Agony                    Necr           22%        N/A       47%         5


Dungeon Overview and Level Annotations

Branches:
Dungeon (1/15)

Altars:
Wu Jian


Message History

You miscast Pain.
You are very lightly contaminated with residual magic.
Nothing appears to happen.
Casting: Pain (safe; 1% risk of failure)
Confirm with . or Enter, or press ? or * to list all spells.
Aiming: Pain (safe; 1% risk of failure)
Press: ? - help, Shift-Dir - straight line, f/p - quokka
Aim: a quokka (severely wounded, chance to affect: 91%)
The quokka writhes in agony.
You kill the quokka!
Your Necromancy skill increases to level 5!
You start resting.
Your magical contamination has completely faded away.
You start resting.
Magic restored.
You start resting.
HP restored.
You now have 11 gold pieces.
b - 44 stones (gained 23)
A bat comes into view.
Casting: Pain (safe; 1% risk of failure)
Confirm with . or Enter, or press ? or * to list all spells.
Aiming: Pain (safe; 1% risk of failure)
Press: ? - help, Shift-Dir - straight line, f - bat
Aim: a bat (asleep, chance to affect: 91%)
The bat writhes in agony.
You kill the bat!
Magic restored.
Found a faded altar of an unknown god.
There is a faded altar of an unknown god here.
You cannot tell which god this altar belongs to.
Convert to them anyway?
Wu Jian accepts your prayer! The Council welcomes you!
You can now perform damaging attacks by moving towards foes.
You can now lightly attack monsters by moving around them.
Okay, then.
There is a stone staircase leading down here.
There is a staircase leading out of the dungeon here.
Are you sure you want to leave the Dungeon?
This will make you lose the game!
You have escaped!

... # ...## .#
#..#######..# #.
#...≈≈≈≈≈#..# .#.##
#....≈≈≈≈≈..# #.....
#....≈≈≈≈≈..#
......####....≈≈≈≈≈..#
##........#..@.≈..≈≈..#
...#......#......≈≈≈..#
###..#.............≈≈≈..#
...............≈..≈≈≈≈..#
#............#≈≈..≈≈≈#..#
#............#≈≈≈≈≈≈≈#..#
#............######### .#
.. #.......#....######..
#
...#....................


There were no monsters in sight!

Vanquished Creatures
  A ball python (D:1)
  A quokka (D:1)
  2 bats (D:1)
4 creatures vanquished.

Notes
Turn   | Place    | Note
-------+----------+-------------------------------------------
     0 | D:1      | bobarctor the Deep Elf Necromancer began the quest for the
                  | Orb.
     0 | D:1      | Reached XP level 1. HP: 10/10 MP: 6/6
    75 | D:1      | Reached skill level 5 in Necromancy
   278 | D:1      | Found a faded altar of an unknown god.
   283 | D:1      | Became a worshipper of the Wu Jian Council
   283 | D:1      | Reached * piety under Wu Jian
   338 | D:$      | Got out of the dungeon alive.

Illustrated notes

Levels and vault maps discovered:
D:1:      dpeg_arrival_pond, layout_basic,
          shapermc_ecumenical_altar_mp_urbaneastern

Skill      XL: |  1 |
---------------+----+-----
Necromancy     | 5 |  5.0
Dodging        | |  2.5
Stealth        | |  2.4
Spellcasting   | |  3.0

Action                   || total
-------------------------++-------
 Cast: Pain              ||     7

Table legend: (Time is in decaauts)
 A = Elapsed time spent in this place.
 B = Non-inter-level travel time spent in this place.
 C = Inter-level travel time spent in this place.
 D = Time resting spent in this place.
 E = Time spent auto-exploring this place.
 F = Levels seen in this place.
 G = Mean time per level.
                   A        B        C        D        E       F      G
               +--------+--------+--------+--------+--------+-----+--------+
         Total |    338 |    285 |     53 |    167 |     78 |   1 |  338.0 |
       Dungeon |    338 |    285 |     53 |    167 |     78 |   1 |  338.0 |
               +--------+--------+--------+--------+--------+-----+--------+

Top non-repeatable levels by time:
     D:1: 338 daAuts
